 Dungeon Crawl Stone Soup version 0.25-a0-713-g4845790 (webtiles) character file.

Game seed: 10097884483349141802, levelgen mode: deterministic

3206 ddubois the Cleaver (level 9, -3/82 HPs)
             Began as a Deep Dwarf Fighter on Apr 5, 2020.
             Was a Priest of Makhleb.
             Splashed by Maurice's acid (10 damage)
             ... on level 8 of the Dungeon.
             The game lasted 00:35:53 (4447 turns).

ddubois the Cleaver (Deep Dwarf Fighter)            Turns: 4447, Time: 00:35:54

Health: -3/82      AC: 12    Str: 24    XL:     9   Next: 65%
Magic:  13/13      EV:  6    Int:  8    God:    Makhleb [***...]
Gold:   134        SH: 11    Dex: 12    Spells: 8/8 levels left

rFire    . . .     SeeInvis .   a - +0 war axe
rCold    . . .     Gourm    .   c - +0 kite shield
rNeg     . . .     Faith    .   M - +0 chain mail
rPois    .         Spirit   .   (no helmet)
rElec    .         Reflect  .   (no cloak)
rCorr    .         Harm     .   k - +2 pair of gloves
MR       +....                  (no boots)
Stlth    ..........             (no amulet)
HPRegen  0.00/turn              (no ring)
MPRegen  0.13/turn              (no ring)

@: non-regenerating
A: damage resistance, heal wounds, sense surroundings 2, no regeneration
a: Heal Wounds, Minor Destruction, Lesser Servant of Makhleb, Renounce Religion


You were on level 8 of the Dungeon.
You worshipped Makhleb.
Makhleb was most pleased with you.
You were hungry.

You visited 1 branch of the dungeon, and saw 8 of its levels.
You also visited: Sewer.

You collected 398 gold pieces.
You spent 264 gold pieces at shops.

Inventory:

Hand Weapons
 a - a +0 war axe (weapon)
 b - a +0 hunting sling
 j - a +2 halberd of flaming
 O - a +0 fustibalus
Missiles
 m - a boomerang
 p - 11 poisoned darts
 u - 131 stones (quivered)
 v - 5 throwing nets {=f}
 y - 29 sling bullets
 D - 48 bolts
 Q - 22 arrows
Armour
 c - a +0 kite shield (worn)
 k - a +2 pair of gloves (worn)
 M - a +0 chain mail (worn)
Jewellery
 n - an uncursed ring of stealth {unknown}
Wands
 o - a wand of flame (22)
 I - a wand of iceblast (12)
 L - a wand of acid (15)
Scrolls
 h - a scroll of fear {unknown}
 l - 3 scrolls of teleportation {unknown}
 s - a scroll of fog {unknown}
 A - a scroll of random uselessness {unknown}
 B - 3 scrolls of blinking {!r}
 C - 4 scrolls of identify {unknown}
 F - a scroll of immolation {unknown}
 G - a scroll of noise {unknown}
 H - 3 scrolls of remove curse {unknown}
 J - a scroll of enchant armour {unknown}
 K - a scroll of enchant weapon {unknown}
 N - 2 scrolls of amnesia {unknown}
Potions
 d - a potion of might
 e - a potion of invisibility {unknown}
 g - 3 potions of heal wounds {unknown}
 i - 3 potions of degeneration {unknown}
 q - 3 potions of curing {unknown}
 r - 2 potions of flight {unknown}
 w - a potion of lignification {unknown}
 x - a potion of ambrosia {unknown}
 z - a potion of magic {unknown}
 E - a potion of haste {unknown}
Comestibles
 f - 17 rations


   Skills:
 + Level 5.8 Fighting
 * Level 9.6 Axes
 - Level 3.2 Armour
 + Level 7.7 Shields
 + Level 5.5 Invocations
 + Level 5.6 Evocations


You had 8 spell levels left.
You didn't know any spells.
Your spell library was empty.

Dungeon Overview and Level Annotations

Branches:
Dungeon (8/15)             Temple (0/1) D:7           Sewer (visited)
   Lair: D:8-11

Altars:
Makhleb
Nemelex Xobeh
Sif Muna
Trog

Shops:
D:6 (:*}

Annotations:
D:5 Menkaure
D:8 Maurice


Innate Abilities, Weirdness & Mutations

You are resistant to damage.
You can heal yourself by infusing magical energy.
You passively map the area around you.
You do not regenerate.


Message History

Anything else - Cancel.
Follow me!
Your ufetubus disappears in a puff of smoke!
What are your orders? t - Shout!
Orders for allies: a - Attack new target. r - Retreat! s - Stop attacking. g - Guard the area. f - Follow me.
Anything else - Cancel.
Gang up on whom?
Aim: Maurice, wielding a +0 dagger, wearing a +0 cloak of poison resistance and carrying a wand of acid (4) (covering ground quickly) Attack!
Maurice zaps a wand.
The bolt of acid hits your ufetubus!!
Your ufetubus is splashed with acid.
The acid corrodes your ufetubus!
Your ufetubus dies!
The bolt of acid hits you!
* * * LOW HITPOINT WARNING * * *
You are splashed with acid!
You die...

##.#.#...####,
..# , *
............+ ..#
##<#.....#### ,
..#≈, ,≈ ,
#.##.#.## * ,,..#
_.≈ * #.##.#3#
..# ..≈*, *
#..55..# *.@#
≈≈≈. ,, ####.###
####§.#... ##.##
##..5#..# , * , *
*
#..§#####.###@.#
** # #...5..5§.#
#4.# *** #
#...#####.#*#....
, * # #####
##.......# * ##
#.#....# , .#
.##.#.#**, * .#
,# .#.#,, * , ,
.# , .... ,, , *
.# * * , , ,


You could see Maurice, a friendly hellwing and a friendly ufetubus.

Levels and vault maps discovered:
D:1:      saegor_arrival_simple_d, layout_loops_corners
D:2:      layout_basic, lemuel_crystal_altar, nicolae_overflow_crystal_walls
D:3:      layout_basic, led_sif_book, gup_sewer_entry_spiral, first_ration
D:4:      layout_cave_pods, amethyst_overflow_temple_binary
D:5:      layout_loops_ring, hangedman_abyss_or_decor_stabs,
          kennysheep_decorative_pillar, uniq_blork_the_orc, uniq_duvessa,
          uniq_menkaure, uniq_sigmund
D:6:      layout_basic, lemuel_doored_altar, serial_shops,
          nicolae_shop_statue_plus, shop, nicolae_shop_crystal, kennysheep_mini
D:7:      layout_loops_corners, minmay_temple_entry_antechambers
D:8:      layout_loops_corners, dancing_weapons_uskayaw, minitemple,
          grunt_ogre_cave, chequers_garden, chequers_serial_rivers_large_a,
          nicolae_ru_awakened_eye, uniq_harold, uniq_joseph,
          uniq_prince_ribbit1, uniq_maurice

Notes
Turn   | Place    | Note
-------+----------+-------------------------------------------
     0 | D:1      | ddubois the Deep Dwarf Fighter began the quest for the Orb.
     0 | D:1      | Reached XP level 1. HP: 20/20 MP: 1/1
    59 | D:1      | Identified a +0 short sword
   140 | D:2      | Reached XP level 2. HP: 22/27 MP: 2/2
   151 | D:2      | Found a burning altar of Makhleb.
   190 | D:2      | Identified a +0 whip
   202 | D:2      | Reached skill level 3 in Axes
   210 | D:2      | Reached skill level 4 in Shields
   210 | D:2      | Reached XP level 3. HP: 23/33 MP: 3/3
   251 | D:2      | Found a sparkling altar of Nemelex Xobeh.
   269 | D:2      | Identified a +2 pair of gloves (You found it on level 2 of
                  | the Dungeon)
   293 | D:1      | Identified a +0 club
   301 | D:1      | Identified a +0 club
   301 | D:1      | Identified a +0 ring mail
   337 | D:1      | Identified a +0 club
   341 | D:1      | Identified a +0 club
   516 | D:3      | Identified a +0 dagger
   516 | D:3      | Identified a +0 robe
   517 | D:3      | Identified a +0 dagger
   517 | D:3      | Identified a +0 robe
   541 | D:3      | Identified a +0 dagger
   541 | D:3      | Identified a +0 chain mail
   561 | D:3      | HP: 3/33 [orc priest/divine providence (9)]
   562 | D:3      | Reached XP level 4. HP: 3/40 MP: 4/4
   575 | D:3      | Reached skill level 3 in Fighting
   575 | D:3      | Reached skill level 4 in Axes
   577 | D:3      | Reached XP level 5. HP: 19/49 MP: 5/5
   581 | D:3      | Identified a +1 dagger of draining
   703 | D:3      | HP: 12/49 [river rat (3)]
   712 | D:3      | HP: 8/49 [river rat (1)]
   756 | D:3      | Found a glowing drain.
   760 | Sewer    | Entered a sewer
   769 | Sewer    | HP: 11/49 [river rat (3)]
   772 | Sewer    | HP: 2/49 [river rat (4)]
   811 | Sewer    | Identified a +0 dagger
   814 | Sewer    | Identified a +0 short sword
   841 | Sewer    | Reached skill level 5 in Axes
   841 | Sewer    | Reached skill level 5 in Shields
   841 | Sewer    | Reached XP level 6. HP: 29/56 MP: 6/6
   848 | Sewer    | Identified a +0 club
   863 | Sewer    | Found a glowing silver altar of Zin.
  1067 | D:2      | Became a worshipper of Makhleb the Destroyer
  1085 | D:2      | Identified a +0 spear
  1199 | D:1      | Identified a +0 short sword
  1450 | D:3      | Identified a +0 short sword
  1451 | D:3      | Identified a +0 dagger
  1451 | D:3      | Identified a +0 leather armour
  1451 | D:3      | Identified a +0 dagger
  1451 | D:3      | Identified a +0 robe
  1451 | D:3      | Identified a +0 club
  1451 | D:3      | Identified a +0 flail
  1451 | D:3      | Identified a +0 leather armour
  1477 | D:3      | Reached * piety under Makhleb
  1485 | D:3      | HP: 12/56 [something/puff of flame (6)]
  1498 | D:3      | HP: 5/57 [orc/+0 flail (4)]
  1550 | D:3      | Identified a +0 club
  1672 | D:3      | Identified a +0 dagger
  1676 | D:3      | Identified a +0 club
  1704 | D:3      | Found a shimmering blue altar of Sif Muna.
  1816 | D:4      | Identified a +0 flail
  1816 | D:4      | Identified a +0 flail of protection
  1838 | D:4      | HP: 13/57 [gnoll/+0 flail of protection (2)]
  1845 | D:4      | HP: 11/57 [gnoll/+0 flail of protection (2)]
  1849 | D:4      | Reached skill level 6 in Axes
  1867 | D:4      | Identified a +0 whip
  1966 | D:4      | Reached XP level 7. HP: 42/63 MP: 7/7
  1974 | D:4      | Identified a +0 dagger
  1974 | D:4      | Identified a +0 robe
  1974 | D:4      | Identified a cursed -2 short sword
  1974 | D:4      | Identified a +0 chain mail
  1974 | D:4      | Identified a +0 dagger
  1975 | D:4      | Identified a +0 club
  1978 | D:4      | Identified a +0 spear
  1985 | D:4      | Reached skill level 4 in Fighting
  1989 | D:4      | Identified a +0 spear
  2081 | D:5      | Entered Level 5 of the Dungeon
  2113 | D:5      | Identified a +0 mace
  2113 | D:5      | Identified a +0 club
  2113 | D:5      | Identified a +0 leather armour
  2115 | D:5      | Identified a +0 club
  2115 | D:5      | Identified a cursed +0 leather armour
  2171 | D:4      | Reached ** piety under Makhleb
  2379 | D:5      | Noticed Menkaure
  2400 | D:5      | Identified a +0 morningstar
  2426 | D:5      | Identified a +1 scimitar of protection
  2426 | D:5      | Identified a cursed +0 robe
  2426 | D:5      | Noticed Blork the orc
  2444 | D:5      | Killed Blork the orc
  2444 | D:5      | Reached skill level 6 in Shields
  2491 | D:5      | Identified a +0 scythe
  2491 | D:5      | Identified a +1 robe of cold resistance
  2491 | D:5      | Noticed Sigmund
  2500 | D:5      | Killed Sigmund
  2500 | D:5      | Reached skill level 7 in Axes
  2500 | D:5      | Reached skill level 1 in Invocations
  2500 | D:5      | Reached skill level 1 in Evocations
  2538 | D:5      | Identified a +0 short sword
  2542 | D:5      | Identified a +0 flail
  2542 | D:5      | Identified a +0 dagger
  2542 | D:5      | Identified a +0 robe
  2545 | D:5      | Identified a +0 short sword
  2568 | D:5      | You fall into a shaft and drop 3 floors!
  2568 | D:8      | Identified a +0 giant spiked club
  2580 | D:8      | Identified a +0 giant spiked club
  2583 | D:8      | Reached skill level 2 in Invocations
  2583 | D:8      | Reached skill level 2 in Evocations
  2583 | D:8      | Reached XP level 8. HP: 37/73 MP: 9/9
  2599 | D:8      | HP: 16/73 [ice beast (11)]
  2664 | D:8      | Identified a +0 giant spiked club
  2671 | D:8      | Reached skill level 3 in Evocations
  2671 | D:8      | HP: 4/73 [ogre/+0 giant spiked club (12)]
  2677 | D:8      | Reached skill level 3 in Invocations
  2708 | D:8      | Identified a +0 short sword
  2738 | D:8      | Identified a +0 short sword
  2821 | D:7      | Reached skill level 5 in Fighting
  2821 | D:7      | Reached skill level 8 in Axes
  2874 | D:6      | Identified a +0 giant club
  2938 | D:5      | Identified a +0 short sword
  2938 | D:5      | Identified a +0 scale mail
  2938 | D:5      | Noticed Duvessa
  2938 | D:5      | Identified a +1 dagger of speed
  2938 | D:5      | Identified a +0 robe
  2938 | D:5      | Noticed Dowan
  2946 | D:5      | Killed Dowan
  2946 | D:5      | Reached skill level 4 in Evocations
  2953 | D:5      | Killed Duvessa
  2953 | D:5      | Reached skill level 7 in Shields
  2953 | D:5      | Reached skill level 4 in Invocations
  2972 | D:5      | Identified a +0 ring mail
  3023 | D:5      | Reached *** piety under Makhleb
  3055 | D:5      | Identified a +0 morningstar
  3055 | D:5      | Identified a +0 leather armour
  3065 | D:5      | Identified a +0 dagger
  3065 | D:5      | Identified a +0 dagger of venom
  3065 | D:5      | Identified a +0 robe
  3065 | D:5      | Identified a +0 club
  3065 | D:5      | Identified a +0 dagger
  3065 | D:5      | Identified a +0 leather armour
  3077 | D:5      | Gained mutation: You passively map the area around you.
                  | [Deep Dwarf growth]
  3077 | D:5      | Reached XP level 9. HP: 54/81 MP: 12/12
  3218 | D:6      | Found Pooprair's Gadget Emporium.
  3222 | D:6      | Identified a +0 giant club
  3230 | D:6      | Bought a wand of acid (8) for 264 gold pieces
  3318 | D:6      | Found a bloodstained altar of Trog.
  3324 | D:6      | Found Cahu Udu's General Store.
  3332 | D:6      | Identified 4 scrolls of blinking
  3382 | D:6      | Found Arai's Antique Weapon Shoppe.
  3400 | D:6      | Found Feutezeg's Book Emporium.
  3442 | D:6      | Identified a +0 chain mail (You found it on level 6 of the
                  | Dungeon)
  3453 | D:6      | Identified a +1 pair of gloves (You found it on level 3 of
                  | the Dungeon)
  3594 | D:7      | Found a staircase to the Ecumenical Temple.
  3678 | D:7      | Identified a +0 dagger
  3679 | D:7      | Identified a +0 dagger
  3679 | D:7      | Identified a +0 flail
  3680 | D:7      | Identified a +0 short sword
  3680 | D:7      | Identified a +0 club
  3680 | D:7      | Identified a cursed -2 short sword
  3681 | D:7      | Identified a +0 short sword
  3682 | D:7      | Identified a +0 whip
  3682 | D:7      | Identified a +0 leather armour
  3683 | D:7      | Identified a +0 whip
  3694 | D:7      | Identified a +0 spear
  3697 | D:7      | Identified a cursed +0 club
  3787 | D:7      | Reached skill level 9 in Axes
  3884 | D:7      | Identified a +0 shortbow
  3897 | D:7      | Reached skill level 5 in Evocations
  3911 | D:7      | Reached skill level 5 in Invocations
  4301 | D:8      | Noticed an ice dragon
  4301 | D:8      | Identified a cursed +1 short sword of freezing
  4301 | D:8      | Identified a +0 robe
  4301 | D:8      | Identified a +0 short sword
  4301 | D:8      | Identified a +0 robe
  4301 | D:8      | Identified a +0 halberd
  4301 | D:8      | Identified a +0 robe
  4301 | D:8      | Identified a cursed +3 war axe of freezing
  4301 | D:8      | Identified a +0 robe
  4342 | D:8      | Noticed an entropy weaver
  4409 | D:8      | Identified a +2 short sword of electrocution
  4409 | D:8      | Identified a +0 scale mail
  4409 | D:8      | Noticed Harold
  4415 | D:8      | HP: 17/81 [Harold/+2 short sword of electrocution (15)]
  4419 | D:8      | Killed Harold
  4443 | D:8      | Identified a +0 dagger
  4443 | D:8      | Identified a +0 cloak of poison resistance
  4443 | D:8      | Noticed Maurice
  4447 | D:8      | HP: 7/82 [Maurice/bolt of acid (10)]
  4447 | D:8      | Splashed by Maurice's acid

Table legend:
 A = Turns spent in this place as a percentage of turns spent in the entire game.
 B = Non-inter-level travel turns spent in this place as a percentage of non-inter-level travel turns spent in the entire game.
 C = Inter-level travel turns spent in this place as a percentage of turns spent in this place.
 D = Turns resting spent in this place as a percentage of non-inter-level travel turns spent in this place.
 E = Turns spent auto-exploring this place as a percentage of non-inter-level travel turns spent in this place.
 F = Non-inter-level travel turns spent in this place divided by the number of levels of this place that you've seen.
                   A       B       C       D       E      F
               +-------+-------+-------+-------+-------+----------------------
         Total | 100.0 | 100.0 |   7.4 |   1.5 |  11.3 | 457.3
       Dungeon |  96.2 |  95.9 |   7.7 |   1.6 |  11.8 | 493.2
         Sewer |   3.8 |   4.1 |   0.0 |   0.0 |   0.0 | 170.0
               +-------+-------+-------+-------+-------+----------------------

Table legend:
 A = Kills in this place as a percentage of kills in entire the game.
 B = Kills by you in this place as a percentage of kills by you in the entire game.
 C = Kills by friends in this place as a percentage of kills by friends in the entire game.
 D = Other kills in this place as a percentage of other kills in the entire game.
 E = Experience gained in this place as a percentage of experience gained in the entire game.
 F = Experience gained in this place divided by the number of levels of this place that you have seen.
                   A       B       C       D       E      F
               +-------+-------+-------+-------+-------+----------------------
         Total | 100.0 | 100.0 |   N/A |   N/A | 100.0 | 509.0
       Dungeon |  94.4 |  94.4 |   N/A |   N/A |  97.1 | 556.1
         Sewer |   5.6 |   5.6 |   N/A |   N/A |   2.9 | 132.0
               +-------+-------+-------+-------+-------+----------------------

Skill      XL: |  1  2  3  4  5  6  7  8  9 |
---------------+----------------------------+-----
Axes           | 3 4 5 6 7 8 9 |  9.6
Shields        | 4 5 6 7 |  7.7
Fighting       | 3 4 5 |  5.8
Invocations    | 2 4 5 |  5.5
Evocations     | 2 4 5 |  5.6
Armour         | |  3.2

Action                   |  1- 3 |  4- 6 |  7- 9 || total
-------------------------+-------+-------+-------++-------
Melee: War axe           |   128 |   265 |   352 ||   745
Throw: Stone             |    28 |    44 |    26 ||    98
Invok: Minor Destruction |       |       |     1 ||     1
       Lesser Servant of |       |       |     2 ||     2
 Abil: Heal Wounds       |       |     5 |     2 ||     7
Evoke: Wand              |       |     3 |    27 ||    30
  Use: Scroll            |       |       |     1 ||     1
 Stab: Distracted        |       |       |     1 ||     1
  Eat: Chunk             |       |     4 |     9 ||    13
Armor: Scale mail        |    52 |   136 |    82 ||   270
       Chain mail        |       |       |    38 ||    38
Dodge: Dodged            |    43 |    68 |    83 ||   194
Block: Kite shield       |    78 |   137 |   178 ||   393

Vanquished Creatures
  Harold (D:8)
  Sigmund (D:5)
  Duvessa (D:5)
  2 ice beasts (D:8)
  A sky beast (D:7)
  5 ogres
  A centaur (D:7)
  Blork the orc (D:5)
  3 big kobolds
  3 bullfrogs (D:7)
  Dowan (D:5)
  A wyvern skeleton (D:7)
  A scorpion (D:7)
  A wight (D:7)
  2 bullfrog zombies
  A crimson imp (D:7)
  A hound (D:5)
  A jelly (D:7)
  A centaur zombie (D:6)
  3 orc priests
  6 orc wizards
  A centaur skeleton (D:4)
  5 worker ants
  A worker ant zombie (D:7)
  15 gnolls
  10 adders
  3 river rats
  An ooze (D:2)
  An adder zombie (D:5)
  2 adder skeletons
  4 worms
  2 dart slugs
  7 leopard geckos
  25 orcs
  8 giant cockroaches
  4 goblins
  6 hobgoblins
  25 jackals
  3 quokkas
  A ball python (D:2)
  6 bats
  6 frilled lizards
  15 kobolds
  9 rats
198 creatures vanquished.
